 Dungeon Crawl Stone Soup version 0.24-a0-439-g6dd8730de2 (webtiles) character file.

Game seed: 10317127264803116893

6470 KristoblXynda the Carver (level 10, -1/139 HPs)
             Began as a Minotaur Gladiator on June 18, 2019.
             Was a Believer of Ashenzari.
             Killed by divine providence
             ... invoked by an orc priest
              (11 damage)
             ... on level 11 of the Dungeon.
             The game lasted 00:17:36 (9514 turns).

KristoblXynda the Carver (Minotaur Gladiator)       Turns: 9514, Time: 00:17:36

Health: -1/139     AC: 25    Str: 20    XL:     10   Next: 68%
Magic:  9/9        EV:  2    Int:  7    God:    Ashenzari [**....]
Gold:   419        SH:  0    Dex: 12    Spells: 9/9 levels left

rFire    . . .     SeeInvis .   D - +0 scimitar
rCold    . . .     Gourm    .   (no shield)
rNeg     + + +     Faith    .   (armour currently unavailable)
rPois    +         Spirit   .   (helmet currently unavailable)
rElec    .         Reflect  .   (cloak currently unavailable)
rCorr    .         Harm     .   (gloves currently unavailable)
MR       +....     NoTele   +   (boots currently unavailable)
Stlth    +.........             (no amulet)
HPRegen  0.33/turn              b - +3 ring of evasion
MPRegen  0.11/turn              m - ring of protection from magic

@: tree-form
A: (retaliatory headbutt)
a: Curse Item, Scrying, Renounce Religion


You were on level 11 of the Dungeon.
You worshipped Ashenzari.
Ashenzari was pleased with you.
You were not hungry.
You were a tree.
You visited 2 branches of the dungeon, and saw 12 of its levels.
You also visited: Sewer.

You collected 629 gold pieces.
You spent 210 gold pieces at shops.

Inventory:

Hand Weapons
 D - a +0 scimitar (weapon)
 G - a +1 great sword
Missiles
 d - 6 throwing nets (quivered)
Armour
 c - a +1 hat (melded)
 e - a +0 cloak (melded)
 r - a +2 pair of boots of flying (melded)
 u - a +0 pair of gloves (melded)
 C - a +0 chain mail (melded)
Jewellery
 b - a +3 ring of evasion (left branch)
 m - a ring of protection from magic (right branch)
 q - an uncursed ring of resist corrosion
 E - an uncursed ring of protection from magic
Wands
 a - a wand of digging (5)
 H - a wand of disintegration (15)
Scrolls
 g - a scroll of immolation
 j - 2 scrolls of enchant armour
 o - 2 scrolls of magic mapping
 v - a scroll of fear
 y - a scroll of teleportation
 F - 2 scrolls of blinking
 I - 2 scrolls of remove curse
Potions
 h - 8 potions of flight
 i - 2 potions of ambrosia
 l - 5 potions of curing
 n - 3 potions of magic
 p - 2 potions of brilliance
 s - a potion of berserk rage
 x - a potion of agility {unknown}
 z - a potion of resistance
 A - 2 potions of mutation
 B - 2 potions of might
Comestibles
 f - 21 rations


   Skills:
 + Level 10.0 Fighting
 + Level 10.3 Long Blades
 - Level 2.0 Throwing
 + Level 9.7 Armour
 + Level 9.5 Dodging
 + Level 0.6 Evocations


You had 9 spell levels left.
You didn't know any spells.
Your spell library contained the following spells:

 Spells                   Type           Power        Failure   Level  Hunger
 Corona                   Hex            #......      43%         1    ##.....
 Ensorcelled Hibernation  Hex/Ice        #.....       56%         2    ###....
 Confuse                  Hex            #.......     80%         3    ####...
 Dazzling Spray           Conj/Hex       #.....       80%         3    ####...
 Tukima's Dance           Hex            #.......     80%         3    ####...


Dungeon Overview and Level Annotations

Branches:
Dungeon (11/15)            Temple (1/1) D:5
   Lair: D:8-11         Orc: D:9-12

Altars:
Ashenzari
Cheibriados
Dithmenos
Elyvilon
Fedhas
Gozag
Hepliaklqana
Kikubaaqudgha
Makhleb
Nemelex Xobeh
Okawaru
Qazlal
Ru
Sif Muna
Trog
Uskayaw
Vehumet
Wu Jian
Xom
Yredelemnul
Zin
The Shining One

Shops:
D:5 [

Annotations:
D:3 1 runed translucent door, aaksess's ghost, amateur OpTm
D:4 2 runed translucent doors, aaksess's ghost, amateur NaEn
D:6 Prince Ribbit
D:9 1 runed translucent door, MirrMurr's ghost, novice HOFi


Innate Abilities, Weirdness & Mutations

((You reflexively headbutt those who attack you in melee.))
((You have a pair of horns on your head.))


Message History

* * * LOW HITPOINT WARNING * * *
The orc priest shouts!
You slash the warg!
You kill the warg!
The orc priest mumbles some strange prayers to Beogh against you.
Beogh smites you!
* * * LOW HITPOINT WARNING * * *
The warg bites you but does no damage.
You barely miss the warg. The warg bites you but does no damage.
A bullfrog skeleton comes into view.
Unknown command.
You hit the warg but do no damage.
The orc priest mumbles some strange prayers to Beogh against you.
Beogh smites you!
* * * LOW HITPOINT WARNING * * *
The warg bites you but does no damage.
You hit the warg but do no damage.
The orc priest calls down the wrath of Beogh upon you.
Beogh smites you!
You die... ......P. , #......, , ...Z.. * , * **..ooo* *.oo## , ooo,

, , , ... *#h# * *
... , #h# *..# #♣#
..# #.# *..# #.#
*..#
#.##########..####
#..|.....<.†..>...
#.................
############......
...### ...#


You could see a warg, a hound, 3 orc priests, an orc wizard, 4 orcs and a
bullfrog skeleton.

Vanquished Creatures
  Harold (D:7)
  An unseen horror (D:10)
  A gargoyle (D:10)
  A vampire (D:9)
  A wyvern (D:10)
  A hungry ghost (D:9)
  A steam dragon (D:7)
  Menkaure (D:6)
  2 wargs (D:11)
  An acid dragon (D:11)
  3 sky beasts
  2 orc warriors
  A necrophage (D:9)
  A phantom (D:9)
  2 ogres (D:5)
  3 centaurs
  2 big kobolds
  4 bullfrogs
  A gnoll sergeant (D:10)
  A scorpion (D:9)
  3 wights (D:9)
  3 killer bees (D:10)
  2 howler monkeys (D:7)
  An electric eel (D:9)
  9 crimson imps
  A quasit (D:8)
  A bullfrog zombie (D:9)
  A centaur zombie (D:9)
  5 hounds
  2 centaur skeletons
  5 jellies
  8 orc priests
  5 orc wizards
  Terence (D:2)
  5 iguanas
  5 worker ants
  A killer bee zombie (D:9)
  A hound skeleton (D:5)
  A howler monkey zombie (D:10)
  3 gnolls (D:10)
  A howler monkey skeleton (D:4)
  12 adders
  3 shadow imps
  9 oozes (D:3)
  2 adder skeletons
  An adder zombie (D:7)
  2 dart slugs (D:1)
  7 leopard geckos
  33 orcs
  5 bats
  A giant cockroach (D:3)
  3 goblins
  13 hobgoblins
  4 jackals
  3 quokkas
  3 ball pythons
  A frilled lizard (D:1)
  23 kobolds
  2 leopard gecko zombies
  11 rats
  4 fungi (D:6)
237 creatures vanquished.

Vanquished Creatures (others)
  3 fungi (D:3)
  5 toadstools (D:3)
8 creatures vanquished.

Grand Total: 245 creatures vanquished

Notes
Turn   | Place    | Note
-------+----------+-------------------------------------------
     0 | D:1      | KristoblXynda the Minotaur Gladiator began the quest for
                  | the Orb.
     0 | D:1      | Reached XP level 1. HP: 18/18 MP: 0/0
   133 | D:1      | Reached XP level 2. HP: 23/25 MP: 1/1
   320 | D:1      | Reached skill level 1 in Armour
   465 | D:1      | Found an ancient bone altar of Kikubaaqudgha.
   467 | D:1      | Found a shimmering altar of Xom.
   467 | D:1      | Found a sparkling altar of Nemelex Xobeh.
   473 | D:1      | Found a basalt altar of Yredelemnul.
   473 | D:1      | Found a bloodstained altar of Trog.
   473 | D:1      | Found a shimmering altar of Xom.
   820 | D:2      | Found a shadowy altar of Dithmenos.
   832 | D:2      | Noticed Terence
   845 | D:2      | Killed Terence
   845 | D:2      | Reached XP level 3. HP: 12/31 MP: 2/2
  1221 | D:2      | You fall into a shaft and drop 2 floors!
  1231 | D:4      | Reached XP level 4. HP: 23/38 MP: 3/3
  1290 | D:4      | Found a shattered altar of Ashenzari.
  1296 | D:4      | You fall into a shaft and drop 2 floors!
  1316 | D:6      | Noticed Prince Ribbit
  1351 | D:5      | Entered Level 5 of the Dungeon
  1357 | D:5      | Reached XP level 5. HP: 38/46 MP: 4/4
  1420 | D:4      | Found a runed translucent door.
  1482 | D:4      | Found a glowing drain.
  1495 | Sewer    | Entered a sewer
  1632 | Sewer    | Reached skill level 5 in Long Blades
  1662 | Sewer    | Found a white marble altar of Elyvilon.
  1788 | D:4      | Became a worshipper of Ashenzari the Shackled
  1883 | D:4      | Noticed aaksess's ghost (amateur NaEn)
  1977 | D:4      | Found a runed translucent door.
  2302 | D:3      | Reached XP level 6. HP: 52/52 MP: 5/5
  2565 | D:3      | Reached skill level 5 in Dodging
  2899 | D:3      | Found a runed translucent door.
  2899 | D:3      | Noticed aaksess's ghost (amateur OpTm)
  2964 | D:3      | Found a snail-covered altar of Cheibriados.
  3305 | D:2      | Found a stormy altar of Qazlal.
  3601 | D:5      | Found Tegopn's Antique Armour Boutique.
  3605 | D:5      | Bought a pair of runed boots for 210 gold pieces
  3686 | D:5      | Reached skill level 5 in Fighting
  3686 | D:5      | Reached XP level 7. HP: 59/61 MP: 6/6
  3821 | D:5      | Reached * piety under Ashenzari
  3941 | D:5      | Found a staircase to the Ecumenical Temple.
  4133 | Temple   | Entered the Ecumenical Temple
  4303 | D:6      | Reached skill level 5 in Armour
  4829 | D:6      | Found an ancient bone altar of Kikubaaqudgha.
  5108 | D:6      | Found an iron altar of Okawaru.
  5108 | D:6      | Found a glowing golden altar of the Shining One.
  5184 | D:6      | Reached XP level 8. HP: 70/70 MP: 7/7
  5302 | D:6      | Noticed Menkaure
  5471 | D:6      | Killed Menkaure
  5667 | D:7      | Found an ornate altar of the Wu Jian Council.
  5667 | D:7      | Found a sparkling altar of Nemelex Xobeh.
  5720 | D:7      | Found a bloodstained altar of Trog.
  5823 | D:7      | Noticed Harold
  5850 | D:7      | Killed Harold
  5850 | D:7      | Reached XP level 9. HP: 49/79 MP: 8/8
  5928 | D:7      | HP: 3/81 [orc/boomerang (2)]
  7061 | D:8      | Reached ** piety under Ashenzari
  7209 | D:8      | Found a basalt altar of Yredelemnul.
  7272 | D:9      | Found a runed translucent door.
  7272 | D:9      | Found a shimmering altar of Xom.
  7272 | D:9      | Noticed MirrMurr's ghost (novice HOFi)
  7272 | D:9      | Noticed a +0 hand axe of chaos
  7274 | D:9      | Found a hide-covered altar of Uskayaw.
  7816 | D:9      | Found a hazy altar of Hepliaklqana.
  7929 | D:9      | Reached XP level 10. HP: 90/90 MP: 9/9
  8468 | D:10     | Entered Level 10 of the Dungeon
  8869 | D:10     | Noticed a gargoyle
  8882 | D:10     | Killed an unseen horror
  8882 | D:10     | Reached skill level 10 in Long Blades
  8922 | D:10     | Killed a gargoyle
  9490 | D:11     | Reached skill level 10 in Fighting
  9514 | D:11     | Killed from afar by an orc priest

Levels and vault maps discovered:
D:1:      dpeg_arrival_boxorama, layout_basic, doesnt_xom_only_xom
D:2:      layout_loops_ring, grunt_qazlal_sundering, old_standard_altar,
          uniq_terence
D:3:      cheibrodos_fertilizer, layout_basic, lemuel_crystal_altar,
          gammafunk_ghost_grave
D:4:      layout_loops_cross, cheibrodos_ashenzari_chains,
          ebering_ghost_sewer_f, portal_sewer_entry_d
D:5:      corexii_shack_village, layout_gridville, temple_fountains,
          serial_shops, nicolae_shop_crystal, first_ration
D:6:      layout_loops_corners, overflow_temple_1_default,
          gammafunk_temple_overflow_elements, water_boxes_lemuel,
          uniq_prince_ribbit1, uniq_menkaure
D:7:      layout_rooms, gammafunk_temple_overflow_statue, bloody_trog,
          uniq_harold
D:8:      layout_cave_pools, kennysheep_little_box
D:9:      layout_basic, old_standard_altar, eat_drink_and_be_merry_uskayaw,
          ebering_ghost_xom
D:10:     layout_roguey
D:11:     layout_long_grid, erik_lair_orcish_takeover, grunt_tengu_nest,
          grunt_decor_cap, nicolae_underground_beach
Temple:   nicolae_temple_figure_zero

Skill      XL: |  1  2  3  4  5  6  7  8  9 10 |
---------------+-------------------------------+-----
Armour         | 1 2 3 4 5 7 8 9 |  9.7
Long Blades    | 4 5 6 8 9 10 | 10.3
Fighting       | 3 4 5 6 7 8 10 | 10.0
Dodging        | 4 5 6 7 8 9 |  9.5
Throwing       | |  2.0
Evocations     | |  0.6

Action                   |  1- 3 |  4- 6 |  7- 9 | 10-12 || total
-------------------------+-------+-------+-------+-------++-------
Melee: Long sword        |    35 |   162 |   286 |       ||   483
       Headbutt          |    15 |    31 |    77 |    50 ||   173
       Scimitar          |       |       |    38 |   177 ||   215
Evoke: Wand              |       |       |     9 |     1 ||    10
  Use: Scroll            |       |     9 |    11 |     1 ||    21
       Potion            |       |     1 |     1 |     2 ||     4
  Eat: Chunk             |     1 |     8 |     4 |     2 ||    15
       Ration            |       |       |     4 |     1 ||     5
Armor: Leather armour    |     3 |       |       |       ||     3
       Ring mail         |     4 |    39 |       |       ||    43
       Scale mail        |       |    14 |    52 |       ||    66
       Chain mail        |       |       |    75 |    70 ||   145
       Skin              |       |       |       |     9 ||     9
Dodge: Dodged            |    41 |   153 |   240 |   120 ||   554
       Rpst.: Long sword |    17 |    44 |    57 |       ||   118
       Scimitar          |       |       |     7 |    35 ||    42

Table legend:
 A = Non-vault XP
 B = Vault XP
 C = Vault XP percentage of total XP
 D = Non-vault monster count
 E = Vault monster count
 F = Vault count percentage of total count
                 A         B        C        D         E       F
            +---------+---------+-------+---------+---------+-------
      Total |    7308 |    1935 |  20.9 |     184 |      49 |  21.0
            +---------+---------+-------+---------+---------+-------
        D:1 |      33 |       0 |   0.0 |      18 |       0 |   0.0
        D:2 |      16 |      38 |  70.4 |       9 |       1 |  10.0
        D:3 |      76 |     200 |  72.5 |      24 |      19 |  44.2
        D:4 |     111 |      13 |  10.5 |      14 |       1 |   6.7
        D:5 |     505 |      21 |   4.0 |      12 |      10 |  45.5
        D:6 |     365 |     169 |  31.6 |      11 |       1 |   8.3
        D:7 |    1013 |     976 |  49.1 |      21 |       1 |   4.5
        D:8 |     824 |       0 |   0.0 |      18 |       0 |   0.0
        D:9 |    1612 |       0 |   0.0 |      29 |       0 |   0.0
       D:10 |    2161 |       0 |   0.0 |      24 |       0 |   0.0
       D:11 |     592 |     404 |  40.6 |       4 |       5 |  55.6
      Sewer |       0 |     114 | 100.0 |       0 |      11 | 100.0
            +---------+---------+-------+---------+---------+-------
